 Dungeon Crawl Stone Soup version 0.16-b1 (webtiles) character file.

42 grisnicke the Insei (level 3, 31/31 HPs)
             Began as a Naga Transmuter on Mar 11, 2015.
             Quit the game on level 1 of the Dungeon.
             The game lasted 00:05:57 (1497 turns).

grisnicke the Insei (Naga Transmuter)               Turns: 1497, Time: 00:05:57

Health: 31/31      AC:  2    Str: 12    XL:     3   Next: 54%
Magic:  6/6        EV:  9    Int: 13    God:
Gold:   62         SH:  0    Dex: 12    Spells: 1 memorised, 5 levels left

rFire  . . .     SeeInvis +       - Unarmed
rCold  . . .     Clarity  .     h - +0 leather armour
rNeg   . . .     SustAb   .     (no shield)
rPois  +         Gourm    .     (no helmet)
rElec  .         Spirit   .     (no cloak)
rCorr  .         Warding  .     (no gloves)
rMut   .         Stasis   .     (no barding)
MR     .....                    (no amulet)
Stlth  +.........               (no ring)
                                (no ring)

@: very slow, not resistant to hostile enchantments, very unstealthy
A: spit poison, see invisible, deformed body, poison resistance, slowness 2, AC
+1
a: Spit Poison


You were on level 1 of the Dungeon.
You were not hungry.

You visited 1 branch of the dungeon, and saw 1 of its levels.

You collected 62 gold pieces.

Inventory:

Missiles
 b - 12 arrows
 l - 5 stones (quivered)
 o - 14 poisoned needles
 p - a throwing net {=f, !d}
Armour
 c - a +0 robe
 h - a +0 leather armour (worn)
   (You found it on level 1 of the Dungeon)
Scrolls
 i - 2 scrolls of enchant weapon
 n - a scroll of remove curse {unknown}
Potions
 e - a potion of heal wounds
 g - a potion of restore abilities {unknown}
 j - a potion of lignification {unknown}
 m - a potion of curing {unknown}
Books
 d - a book of Changes
Comestibles
 a - a bread ration {@e1}


   Skills:
 - Level 1.0 Fighting
 - Level 1.5 Dodging
 + Level 4.4 Unarmed Combat
 - Level 2.0 Spellcasting
 - Level 2.0 Transmutations


You had 5 spell levels left.
You knew the following spells:

 Your Spells              Type           Power        Failure   Level  Hunger
a - Beastly Appendage     Trmt           #.....       14%         1    ##.....


Dungeon Overview and Level Annotations

Branches:
Dungeon (1/15)

Altars:


Innate Abilities, Weirdness & Mutations

You cannot wear boots.
You can spit poison.
Your serpentine skin is tough (AC +1).
You have supernaturally acute eyesight.
Armour fits poorly on your strangely shaped body.
Your system is resistant to poisons.
You cover ground very slowly.


Message History

Health restored: 31 You barely miss the rat.
You hit the rat but do no damage. The rat barely misses you.
You closely miss the rat. The rat bites you.
You take 2 damage, and have 29/31 hp.
You hit the rat.
You kill the rat!
A giant gecko comes into view.
Health restored: 31 You hit the giant gecko but do no damage.
The giant gecko closely misses you. The giant gecko barely misses you.
You closely miss the giant gecko. The giant gecko bites you.
You take 1 damage, and have 30/31 hp.
You closely miss the giant gecko. The giant gecko bites you.
You take 5 damage, and have 25/31 hp.
You punch the giant gecko!
You kill the giant gecko!
No target in view!
You see here a giant gecko corpse.
You butcher the giant gecko corpse.
r - 2 chunks of flesh {@w0} (gained 1)
You see here a giant gecko skeleton.
Some of the chunks of flesh in your inventory have rotted away.
You see here a giant gecko skeleton.
A goblin comes into view.
The goblin shouts!
The goblin moves out of view.
Health restored: 31 You hit the goblin.
The goblin barely misses you.
You hit the goblin but do no damage. The goblin hits you.
You take 1 damage, and have 30/31 hp.
You miss the goblin. The goblin barely misses you.
You hit the goblin.
You kill the goblin!
No target in view!
A jackal comes into view.
A jackal comes into view.
You miscast Beastly Appendage.
You are very lightly contaminated with residual magic.
You feel a strange surge of energy! The jackal bites you.
The jackal misses you.
You take 1 damage, and have 29/31 hp.
You now have 5/6 mp.
Aim: a jackal The splash of poison hits the jackal.
The jackal is poisoned.
You feel slightly more hungry. The jackal barely misses you.
The jackal bites you.
You take 2 damage, and have 27/31 hp.
You closely miss the jackal. The jackal closely misses you.
The jackal bites you.
You take 1 damage, and have 26/31 hp.
You closely miss the jackal. The jackal bites you. The jackal bites you.
The jackal closely misses you.
The jackal bites you but does no damage.
You take 2 damage, and have 24/31 hp.
You hit the jackal.
You kill the jackal!
You have got your breath back.
The jackal barely misses you.
You hit the jackal. The jackal bites you.
You take 1 damage, and have 23/31 hp.
You hit the jackal.
You kill the jackal!
A jackal comes into view.
MP restored: 6 You punch the jackal!
You kill the jackal!
You start resting.
Your magical contamination has completely faded away.
You start resting.
All of the chunks of flesh in your inventory have rotted away.
You are feeling hungry.
You regained 5 hp, and now have 29/31 hp.
A giant gecko comes into view.
Aim: a giant gecko The splash of poison misses the giant gecko.
You feel slightly more hungry.
You barely miss the giant gecko. The giant gecko closely misses you.
The giant gecko bites you.
You miss the giant gecko.
You have got your breath back.
The giant gecko barely misses you.
You miss the giant gecko.
The giant gecko bites you but does no damage.
You hit the giant gecko but do no damage.
The giant gecko barely misses you.
You closely miss the giant gecko. The giant gecko bites you.
You take 1 damage, and have 29/31 hp.
You closely miss the giant gecko. You punch the giant gecko.
You kill the giant gecko!
You see here a giant gecko corpse.
You butcher the giant gecko corpse.
f - a chunk of flesh {@w0} You see here a giant gecko skeleton.
Eating a chunk of flesh {@w0}.
You continue eating. x2
Done exploring.
Health restored: 31 Done exploring.
There is an escape hatch in the floor here.
There is a stone staircase leading down here.

............##...###.......#
............##...##........#
............##.............#
.................###.......# ###
.................###..)....####..
)................................
.###########)...).##.......####..
.##...............##.).....# ###
.##...........#.@..........# #
.##...........#...##......## #
###...........#...#########
..............#...#
...)..###.###.#...#
..............#..(# ##########
..............#...# #...#.....
..............##### #.#...####
..............# #.#.#.....


There were no monsters in sight!

Vanquished Creatures
  2 giant geckos (D:1)
  An ooze (D:1)
  3 bats (D:1)
  6 hobgoblins (D:1)
  7 jackals (D:1)
  A giant newt (D:1)
  4 goblins (D:1)
  6 kobolds (D:1)
  4 rats (D:1)
34 creatures vanquished.

Notes
Turn   | Place    | Note
--------------------------------------------------------------
     0 | D:1      | grisnicke, the Naga Transmuter, began the quest for the Orb.
     0 | D:1      | Reached XP level 1. HP: 18/18 MP: 3/3
   299 | D:1      | Reached XP level 2. HP: 8/25 MP: 2/4
   855 | D:1      | Reached skill level 4 in Unarmed Combat
   870 | D:1      | HP: 6/25 [poisoned by a hobgoblin]
   907 | D:1      | Reached XP level 3. HP: 26/31 MP: 6/6
  1497 | D:1      | Quit the game

Action                   || total
-------------------------++-------
Melee: Unarmed           ||    80
Throw: Stone             ||    19
 Cast: Beastly Appendage ||     3
 Abil: Spit Poison       ||    16
  Use: Scroll            ||     4
       Potion            ||     1
  Eat: Chunk             ||     3

Vault maps used:
D:1:      onia_arrival_mini_maze

Table legend:
 A = Turns spent in this place as a percentage of turns spent in the entire game.
 B = Non-inter-level travel turns spent in this place as a percentage of non-inter-level travel turns spent in the entire game.
 C = Inter-level travel turns spent in this place as a percentage of turns spent in this place.
 D = Turns resting spent in this place as a percentage of non-inter-level travel turns spent in this place.
 E = Turns spent auto-exploring this place as a percentage of non-inter-level travel turns spent in this place.
 F = Non-inter-level travel turns spent in this place divided by the number of levels of this place that you've seen.
                   A       B       C       D       E      F
               +-------+-------+-------+-------+-------+----------------------
         Total | 100.0 | 100.0 |   0.5 |   8.4 |   6.0 | 415.0
       Dungeon | 100.0 | 100.0 |   0.5 |   8.4 |   6.0 | 415.0
               +-------+-------+-------+-------+-------+----------------------

Table legend:
 A = Kills in this place as a percentage of kills in entire the game.
 B = Kills by you in this place as a percentage of kills by you in the entire game.
 C = Kills by friends in this place as a percentage of kills by friends in the entire game.
 D = Other kills in this place as a percentage of other kills in the entire game.
 E = Experience gained in this place as a percentage of experience gained in the entire game.
 F = Experience gained in this place divided by the number of levels of this place that you have seen.
                   A       B       C       D       E      F
               +-------+-------+-------+-------+-------+----------------------
         Total | 100.0 | 100.0 |  -nan |  -nan | 100.0 |  60.0
       Dungeon | 100.0 | 100.0 |  -nan |  -nan | 100.0 |  60.0
               +-------+-------+-------+-------+-------+----------------------
